 Dungeon Crawl Stone Soup version 0.32-a0-981-g384da2ce10 (webtiles) character file.

Game seed: 17737628926302393548

2462 Chimkentus the Jinx (level 9, 0/43 HPs)
             Began as a Spriggan Enchanter on Apr 20, 2024.
             Was an Initiate of Sif Muna.
             Slain by an ogre
             ... wielding a +0 giant spiked club
              (14 damage)
             ... on level 5 of the Dungeon.
             The game lasted 00:34:35 (7776 turns).

Chimkentus the Jinx (Spriggan Enchanter)            Turns: 7776, Time: 00:34:36

Health: 0/43       AC:  8    Str:  4    XL:     9   Next: 26%
Magic:  21/21      EV: 17    Int: 20    God:    Sif Muna [......]
Gold:   268        SH:  0    Dex: 16    Spells: 12/23 levels left

rFire   . . .        A - +2 short sword (speed)
rCold   . . .        (no shield)
rNeg    . . .        E - +0 steam dragon scales
rPois   .            (helmet restricted)
rElec   .            v - +2 cloak {rCorr}
rCorr   +            (gloves unavailable)
SInv    +            (boots unavailable)
Will    ++...        (no amulet)
Stlth   ++++         h - ring of willpower
HPRegen 0.27/turn    (no ring)
MPRegen 0.17/turn

%: no passive effects
@: very quick
A: very small, no large weapons, unfitting armour, see invisible, speed 3
a: Renounce Religion


You were on level 5 of the Dungeon.
You worshipped Sif Muna.
Sif Muna was noncommittal.
You visited 2 branches of the dungeon, and saw 7 of its levels.

You collected 352 gold pieces.
You spent 84 gold pieces at shops.

Inventory:

Hand Weapons
 a - a +1 dagger
 g - a +2 whip of holy wrath
 j - a +0 sling
 z - a +4 quarterstaff of chaos
 A - a +2 short sword of speed (weapon)
 H - a +2 whip of freezing
Missiles
 m - 5 poisoned darts (quivered)
Armour
 b - a +1 robe
 v - a +2 cloak of preservation (worn)
 y - a scarf of harm
 E - +0 steam dragon scales (worn)
Jewellery
 d - a ring of ice
 h - a ring of willpower (left hand)
 s - a ring of ice
Wands
 w - a wand of flame (30)
 x - a wand of quicksilver (2)
 C - a wand of iceblast (9)
 D - a wand of mindburst (12)
 I - a wand of polymorph (6)
Scrolls
 f - a scroll of teleportation
 k - a scroll of blinking
 l - a scroll of vulnerability {unknown}
 q - 2 scrolls of revelation {unknown}
 u - a scroll of summoning {unknown}
 B - a scroll of amnesia {unknown}
 F - a scroll of enchant weapon {unknown}
 G - 2 scrolls of identify
Potions
 c - a potion of invisibility
 e - a potion of lignification
 i - 2 potions of resistance {unknown}
 n - 2 potions of mutation {unknown}
 o - 2 potions of curing
 p - 3 potions of heal wounds
 r - a potion of attraction {unknown}
 t - a potion of magic {unknown}


   Skills:
 * Level 2.9 Fighting
 + Level 3.8 Short Blades
 + Level 0.9 Throwing
 + Level 4.0 Dodging
 + Level 7.2 Stealth
 + Level 7.5 Spellcasting
 + Level 0.4 Conjurations
 + Level 8.6 Hexes
 - Level 2.7 Ice Magic
 * Level 3.2 Invocations
 + Level 2.6 Evocations


You had 12 spell levels left.
You knew the following spells:

 Your Spells              Type           Power      Damage    Failure   Level
a - Ensorcelled Hibernat  Hex/Ice        60%        N/A       1%          2
b - Confusing Touch       Hex            42%        N/A       1%          3
c - Tukima's Dance        Hex            42%        N/A       1%          3
d - Dazzling Flash        Conj/Hex       50%        N/A       4%          3

Your spell library contained the following spells:

 Spells                   Type           Power      Damage    Failure   Level
 Shock                    Conj/Air       32%        1d5       9%          1
 Sublimation of Blood     Necr           7%         N/A       14%         2
 Anguish                  Hex/Necr       12%        N/A       16%         4
 Fugue of the Fallen      Necr           7%         N/A       26%         3
 Swiftness                Air            7%         N/A       26%         3
 Airstrike                Air            3%         2d(1-17)  65%         4
 Curse of Agony           Necr           7%         N/A       94%         5
 Rimeblight               Ice/Necr       6%         2d4       (prima100%   7


Dungeon Overview and Level Annotations

Branches:
Dungeon (6/15)             Temple (1/1) D:4

Altars:
Ashenzari
Cheibriados
Dithmenos
Elyvilon
Fedhas
Gozag
Hepliaklqana
Kikubaaqudgha
Makhleb
Nemelex Xobeh
Okawaru
Qazlal
Ru
Sif Muna
Trog
Uskayaw
Vehumet
Wu Jian
Xom
Yredelemnul
Zin
The Shining One

Shops:
D:1 *

Annotations:
D:2 2 exclusions
D:5 1 exclusion
D:6 3 runed translucent doors, D0namaru's ghost, novice TeGl


Innate Abilities, Weirdness & Mutations

You are very small and have problems with some larger weapons.
You are too small for most types of armour.
You have supernaturally acute eyesight. (SInv)
You cover ground extremely quickly. (Speed+++)


Message History

Aim: an orc, wielding a +0 mace and wearing a +0 chain mail (chance to affect: 81%)
The +0 mace dances into the air!
The adder bites you but does no damage. The orc completely misses you.
The adder completely misses you.
Unknown command.
Casting: Tukima's Dance (safe; 1% risk of failure)
Confirm with . or Enter, or press ? or * to list all spells.
Casting: Dazzling Flash (dangerous; 4% risk of failure)
Press: ? - help, Dir - look around, f - activate The orc is dazzled.
The adder is dazzled.
The orc closely misses you. The adder barely misses you.
Unknown command.
Unknown command.
You strike the helpless adder from behind!
You impale the adder!!
You kill the adder!
Sif Muna accepts your kill.
Your +0 mace hits the orc.
The orc closely misses you.
You completely miss the orc.
The orc is moderately wounded.
Your +0 mace hits the orc.
You hit the orc but do no damage.
The orc is moderately wounded.
The orc completely misses you.
Your +0 mace hits the orc.
You hit the orc.
You kill the orc!
Sif Muna accepts your kill.
No target in view!
You start resting.
Your +0 mace falls from the air.
You start resting.
Magic restored.
You climb downwards.
Level annotation: 1 exclusion The orc hits you with a +0 mace.
The ogre hits you with a +0 giant spiked club!!
Ouch! That really hurt!
The orc hits you with a +0 mace.
There is a stone staircase leading up, spattered with blood here.
The ogre hits you with a +0 giant spiked club!
You die...

#.....#### ♣...♣♣
#........#####
♣♣.♣♣
##...........#
♣.♣♣
#...###.....#
♣♣.♣
#...#⌠#.....#
♣.♣♣
###.###.###.÷.#
♣♣.♣
##...#⌠)w.⌠#...##
##'##
#..###.o...###..#
#.[.#
#..#⌠...@...⌠#..#
#...#
#..###...O.###..#
#..)#
#....#⌠.!.⌠#....#
#####
#.##.###.###....#
#......#⌠#......#
#######
###....###.....##
#......
#...##.........#
#...>..
#.###.##..#....#
#......
####...#..###.##
#......


You could see an ogre, a dart slug and an orc.

Vanquished Creatures
  Pikel (D:6)
  Maggie (D:6)
  Eustachio (D:4)
  Menkaure (D:4)
  Duvessa (D:6)
  2 sky beasts
  An ice beast (D:5)
  A black bear (D:5)
  3 lemures (D:6)
  2 bullfrogs (D:6)
  A scorpion (D:4)
  Dowan (D:6)
  A bombardier beetle (D:5)
  A hound (D:4)
  A jelly (D:6)
  2 orc priests
  2 iguanas
  Jessica (D:2)
  Terence (D:2)
  3 orc wizards (D:4)
  5 gnolls
  8 adders
  A white imp (D:6)
  2 ufetubi (D:6)
  2 dart slugs
  3 ribbon worms
  7 orcs
  2 bats
  4 endoplasms
  5 giant cockroaches
  11 goblins
  6 hobgoblins
  8 jackals
  8 quokkas
  4 ball pythons (D:1)
  2 frilled lizards
  5 kobolds
  5 rats
116 creatures vanquished.

Vanquished Creatures (collateral kills)
  Blork the orc (D:4)
  Crazy Yiuf (D:5)
  An orc priest (D:4)
  Robin (D:4)
  3 gnolls
  6 orcs
  A goblin (D:4)
  A kobold (D:4)
15 creatures vanquished.

Vanquished Creatures (others)
  4 dancing weapons
4 creatures vanquished.

Grand Total: 135 creatures vanquished

Notes
Turn   | Place    | Note
-------+----------+-------------------------------------------
     0 | D:1      | Chimkentus the Spriggan Enchanter began the quest for the
                  | Orb.
     0 | D:1      | Reached XP level 1. HP: 9/9 MP: 5/5
    39 | D:1      | Found Keapriuc's Assorted Antiques.
   182 | D:1      | Reached skill level 4 in Hexes
   280 | D:1      | Reached XP level 2. HP: 13/13 MP: 6/6
   377 | D:1      | Learned a level 2 spell: Ensorcelled Hibernation
  1215 | D:1      | Bought a scroll labelled RODOCUHOLOSS for 28 gold pieces
  1215 | D:1      | Bought a scroll labelled EKLIKHL JYLILL for 28 gold pieces
  1228 | D:2      | Noticed Terence
  1644 | D:2      | Reached XP level 3. HP: 16/16 MP: 3/8
  1648 | D:2      | Learned a level 3 spell: Confusing Touch
  1652 | D:2      | Learned a level 3 spell: Tukima's Dance
  1844 | D:2      | Killed Terence
  1845 | D:2      | Reached skill level 1 in Ice Magic
  1845 | D:2      | Reached XP level 4. HP: 6/21 MP: 2/9
  1971 | D:2      | Noticed Jessica
  1976 | D:2      | Killed Jessica
  2316 | D:2      | Found an iron altar of Okawaru.
  2706 | D:1      | Bought a scroll labelled SAHAUG NIMEOZ for 28 gold pieces
  3070 | D:3      | Reached skill level 5 in Hexes
  3070 | D:3      | Reached XP level 5. HP: 24/24 MP: 2/12
  3908 | D:4      | Reached XP level 6. HP: 28/28 MP: 2/14
  3912 | D:4      | Learned a level 3 spell: Dazzling Flash
  4022 | D:4      | Noticed Robin
  4024 | D:5      | Entered Level 5 of the Dungeon
  4077 | D:5      | Found a burning altar of Makhleb.
  4102 | D:5      | Reached skill level 5 in Spellcasting
  4294 | D:5      | Noticed an ice beast
  4306 | D:5      | Killed an ice beast
  4307 | D:5      | Reached skill level 6 in Hexes
  4476 | D:5      | Found a runed translucent door.
  4477 | D:5      | Noticed Crazy Yiuf
  4865 | D:5      | Reached XP level 7. HP: 32/32 MP: 12/16
  4925 | D:5      | Reached skill level 7 in Hexes
  5310 | D:5      | Killed Crazy Yiuf
  5605 | D:4      | Reached skill level 1 in Evocations
  5751 | D:4      | Noticed Eustachio
  5822 | D:4      | Killed Robin
  6008 | D:4      | Found a staircase to the Ecumenical Temple.
  6017 | Temple   | Entered the Ecumenical Temple
  6035 | Temple   | Became a worshipper of Sif Muna the Loreminder
  6106 | D:4      | Found a white marble altar of Elyvilon.
  6141 | D:4      | Noticed Blork the orc
  6148 | D:4      | Killed Blork the orc
  6149 | D:4      | Reached skill level 1 in Fighting
  6149 | D:4      | Reached skill level 8 in Hexes
  6259 | D:4      | Noticed Menkaure
  6275 | D:4      | Killed Menkaure
  6276 | D:4      | Reached XP level 8. HP: 37/37 MP: 14/18
  6314 | D:4      | Reached skill level 1 in Invocations
  6484 | D:4      | Killed Eustachio
  6485 | D:4      | Reached skill level 5 in Stealth
  6696 | D:6      | Found a runed translucent gate.
  6698 | D:6      | Found a runed translucent gate.
  6699 | D:6      | Found a runed translucent gate.
  6699 | D:6      | Found an opulent altar of Gozag.
  6700 | D:6      | Noticed D0namaru's ghost (novice TeGl)
  6700 | D:6      | Noticed a cyclops
  6701 | D:6      | Noticed a cyclops
  6705 | D:6      | Noticed Maggie
  6717 | D:6      | Killed Maggie
  6799 | D:6      | Noticed Pikel
  6804 | D:6      | Killed Pikel
  6805 | D:6      | Reached XP level 9. HP: 40/43 MP: 20/20
  6881 | D:6      | Found a snail-covered altar of Cheibriados.
  6999 | D:6      | Noticed Duvessa
  7000 | D:6      | Noticed Dowan
  7006 | D:6      | Killed Dowan
  7011 | D:6      | Killed Duvessa
  7776 | D:5      | Slain by an ogre

Illustrated notes

Levels and vault maps discovered:
D:1:      tarquinn_simple_flora_water_e, layout_basic, serial_shops,
          nicolae_shop_tiny_waterfront
D:2:      layout_rooms, basic_altar, minmay_misc_feat_doors,
          palyth_stone_intersect, chequers_serial_rivers_small_3,
          chequers_serial_rivers_small_3, minmay_strange_pillars,
          cheibrodos_gnoll_hut, uniq_terence, uniq_jessica
D:3:      layout_loops_cross
D:4:      layout_basic, old_standard_altar, minmay_temple_entry_antechambers,
          nicolae_figureground_sparkle, uniq_blork_the_orc, uniq_robin,
          uniq_eustachio, uniq_menkaure
D:5:      layout_cave_pods, lemuel_round_altar, nicolae_fountain_basement,
          uniq_crazy_yiuf_cottage
D:6:      layout_loops_cross, mainiacjoe_overflow_paths, ebering_ghost_gozag,
          uniq_pikel, uniq_maggie, uniq_duvessa
Temple:   hellmonk_temple_of_storms

Skill      XL: |  1  2  3  4  5  6  7  8  9 |
---------------+----------------------------+-----
Hexes          | 4 5 6 8 |  8.6
Dodging        | 3 4 |  4.0
Spellcasting   | 3 4 5 6 7 |  7.5
Ice Magic      | 1 2 |  2.7
Short Blades   | 2 3 |  3.8
Evocations     | 1 2 |  2.6
Fighting       | 1 2 |  2.9
Invocations    | 2 3 |  3.2
Stealth        | 6 7 |  7.2
Throwing       | |  0.9
Conjurations   | |  0.4

Action                     |  1- 3 |  4- 6 |  7- 9 || total
---------------------------+-------+-------+-------++-------
  Melee: Dagger            |    80 |    91 |     9 ||   180
         Short sword       |       |       |    81 ||    81
  Throw: Stone             |     2 |       |       ||     2
         Dart              |     2 |     3 |     6 ||    11
   Cast: Ensorcelled Hiber |    19 |    47 |    22 ||    88
         Tukima's Dance    |       |     8 |    18 ||    26
         Confusing Touch   |       |     4 |     6 ||    10
         Dazzling Flash    |       |       |     6 ||     6
  Evoke: Wand              |       |     2 |    21 ||    23
    Use: Scroll            |       |     7 |     1 ||     8
         Potion            |       |       |     2 ||     2
   Stab: Sleeping          |    21 |    44 |    17 ||    82
         Distracted        |     1 |       |       ||     1
         Confused          |       |     3 |     3 ||     6
         Invisible         |       |       |     6 ||     6
 Armour: Robe              |    35 |    19 |    21 ||    75
         Skin              |       |       |     3 ||     3
         Steam dragon scal |       |       |    13 ||    13
  Dodge: Dodged            |    45 |    36 |    52 ||   133

Table legend: (Time is in decaauts)
 A = Elapsed time spent in this place.
 B = Non-inter-level travel time spent in this place.
 C = Inter-level travel time spent in this place.
 D = Time resting spent in this place.
 E = Time spent auto-exploring this place.
 F = Levels seen in this place.
 G = Mean time per level.
                   A        B        C        D        E       F      G
               +--------+--------+--------+--------+--------+-----+--------+
         Total |   5810 |   5476 |    334 |    279 |   4199 |   7 |  830.0 |
       Dungeon |   5787 |   5473 |    314 |    279 |   4199 |   6 |  964.5 |
        Temple |     23 |      3 |     20 |      0 |      0 |   1 |   23.0 |
               +--------+--------+--------+--------+--------+-----+--------+

Top non-repeatable levels by time:
     D:4: 1213 daAuts
     D:2: 1088 daAuts
     D:5: 1034 daAuts
     D:1: 985 daAuts
     D:6: 748 daAuts
     D:3: 716 daAuts
  Temple: 23 daAuts
